 Dungeon Crawl Stone Soup version 0.26-a0-497-g0187308201 (webtiles) character file.

Game seed: 16189105271348837653

4 KristoblXynda the Slasher (level 1, -1/19 HPs)
             Began as a Naga Gladiator on Aug 6, 2020.
             Slain by a kobold (4 damage)
             ... on level 1 of the Dungeon.
             The game lasted 00:00:20 (59 turns).

KristoblXynda the Slasher (Naga Gladiator)            Turns: 59, Time: 00:00:21

Health: -1/19      AC:  2    Str: 16    XL:     1   Next: 60%
Magic:  1/1        EV: 10    Int:  8    God:
Gold:   20         SH:  0    Dex: 12    Spells: 0/0 levels left

rFire    . . .     SeeInvis +   a - +0 long sword
rCold    . . .     Faith    .   (no shield)
rNeg     . . .     Spirit   .   b - +0 leather armour
rPois    +         Reflect  .   c - +0 helmet
rElec    .         Harm     .   (no cloak)
rCorr    .                      (no gloves)
MR       .....                  (no barding)
Stlth    +.........             (no amulet)
HPRegen  0.06/turn              (no ring)
MPRegen  0.07/turn              (no ring)

@: very slow
A: large, see invisible, deformed body, poison resistance, slowness 2, spit
poison 1, AC +0
a: Spit Poison


You were on level 1 of the Dungeon.
You visited 1 branch of the dungeon, and saw 1 of its levels.

You collected 20 gold pieces.

Inventory:

Hand Weapons
 a - a +0 long sword (weapon)
Missiles
 d - 3 throwing nets (quivered)
Armour
 b - a +0 leather armour (worn)
 c - a +0 helmet (worn)
Scrolls
 e - a scroll of amnesia {unknown}
 f - a scroll of identify {unknown}


   Skills:
 + Level 2.1 Fighting
 + Level 3.0 Long Blades
 + Level 1.9 Throwing
 + Level 2.4 Dodging


You couldn't memorise any spells.
You didn't know any spells.
Your spell library was empty.

Dungeon Overview and Level Annotations

Branches:
Dungeon (1/15)

Altars:


Innate Abilities, Weirdness & Mutations

You cannot wear boots.
Your serpentine skin is tough. (AC +0)
You have supernaturally acute eyesight. (SInv)
Armour fits poorly on your strangely shaped body.
Your system is resistant to poisons. (rPois)
You cover ground very slowly.
You can spit poison.


Message History

The rat twitches its whiskers.
The kobold closely misses you.
You hit the kobold but do no damage.
The kobold is severely wounded.
The kobold hits you with a +0 short sword.
You miss the kobold.
The kobold is severely wounded.
The kobold hits you but does no damage.
The kobold hits you with a +0 short sword.
* * * LOW HITPOINT WARNING * * *
You hit the kobold.
You kill the kobold!
You barely miss the rat. The rat closely misses you.
You completely miss the rat. The rat bites you.
* * * LOW HITPOINT WARNING * * *
You completely miss the rat. The rat bites you but does no damage.
The rat misses you.
You riposte.
You hit the rat.
You kill the rat!
The kobold hits you but does no damage. The kobold hits you.
You die...

# #. ... .## .#.
###... ..#.#.##......
........... #.#......
......# ..# #...# ..#
#K# #.# #@# #.# #.#
#.# ##'## #.# ##...##
####.# ##.....##
##.##.###.......#
#####...#.##.........#
...........'.........+
####...####.........#


You could see a kobold.

Vanquished Creatures
  A hobgoblin (D:1)
  A kobold (D:1)
  A frilled lizard (D:1)
  A rat (D:1)
4 creatures vanquished.

Notes
Turn   | Place    | Note
-------+----------+-------------------------------------------
     0 | D:1      | KristoblXynda the Naga Gladiator began the quest for the
                  | Orb.
     0 | D:1      | Reached XP level 1. HP: 19/19 MP: 1/1
    59 | D:1      | Slain by a kobold

Illustrated notes

Levels and vault maps discovered:
D:1:      onia_arrival_pentagram, layout_loops_corners, minmay_tetromino_i2

Action                   || total
-------------------------++-------
Melee: Long sword        ||    16
Armor: Leather armour    ||     6
Dodge: Dodged            ||     6
       Rpst.: Long sword ||     2

Table legend: (Time is in decaauts)
 A = Elapsed time spent in this place.
 B = Non-inter-level travel time spent in this place.
 C = Inter-level travel time spent in this place.
 D = Time resting spent in this place.
 E = Time spent auto-exploring this place.
 F = Levels seen in this place.
 G = Mean time per level.
                   A        B        C        D        E       F      G
               +--------+--------+--------+--------+--------+-----+--------+
         Total |     77 |     77 |      0 |      0 |     45 |   1 |   77.0 |
       Dungeon |     77 |     77 |      0 |      0 |     45 |   1 |   77.0 |
               +--------+--------+--------+--------+--------+-----+--------+

Top non-repeatable levels by time:
     D:1: 77 daAuts
